 Dungeon Crawl Stone Soup version 0.27-a0-1136-g0b992a5a9d (webtiles) character file.

Game seed: 7309684262244468865

9 sanka the Magician (level 2, -1/22 HPs)
             Began as a Djinni Summoner on May 5, 2021.
             Slain by a kobold
             ... wielding a +1 dagger of speed
              (3 damage)
             ... on level 1 of the Dungeon.
             The game lasted 00:00:37 (1215 turns).

sanka the Magician (Djinni Summoner)                Turns: 1215, Time: 00:00:37

Health: -1/22      AC:  2    Str:  7    XL:     2   Next: 16%
Gold:   49         EV: 12    Int: 16    God:
                   SH:  0    Dex: 13

rFire    + + .     SeeInvis .   b - +0 dagger
rCold    x . .     Faith    .   (no shield)
rNeg     . . .     Spirit   .   a - +0 robe
rPois    ∞         Reflect  .   (no helmet)
rElec    .         Harm     .   (no cloak)
rCorr    .         Rampage  .   (no gloves)
Will     .....                  (boots unavailable)
Stlth    ++........             (no amulet)
HPRegen  0.07/turn              (no ring)
MPRegen  0.00/turn              (no ring)

@: flying
A: sickness immunity, fire resistance 2, cold vulnerability 1, float, innate
caster, hp casting, extra vitality 1
a: no special abilities


You were on level 1 of the Dungeon.
You visited 1 branch of the dungeon, and saw 1 of its levels.

You collected 49 gold pieces.


Innate Abilities, Weirdness & Mutations

You are immune to sickness and miasma.
You are immune to poison.
Your flesh is very heat resistant. (rF++)
You are vulnerable to cold. (rC-)
You float through the air rather than walking.
You learn spells naturally, not from books.
Your magical power is your life essence.
You have superior vitality. (+4 HP)


   Skills:
 + Level 0.8 Fighting
 + Level 2.5 Dodging
 - Level 1.5 Stealth
 + Level 3.7 Spellcasting


You couldn't memorise any spells.
You knew the following spells:

 Your Spells              Type           Power      Damage    Failure   Level
c - Call Canine Familiar  Summ           15%        N/A       11%         3
v - Summon Ice Beast      Ice/Summ       15%        N/A       36%         4
x - Call Imp              Summ           15%        N/A       5%          2
z - Summon Small Mammal   Summ           60%        N/A       3%          1
X - Summon Lightning Spi  Summ/Air       15%        N/A       36%         4
Z - Summon Guardian Gole  Hex/Summ       15%        N/A       11%         3
Your spell library was empty.

Inventory:

Hand Weapons
 b - a +0 dagger (weapon)
Armour
 a - a +0 robe (worn)
Scrolls
 c - 3 scrolls of immolation {unknown}
Potions
 d - a potion of might {unknown}
 e - a potion of berserk rage {unknown}

Dungeon Overview and Level Annotations

Branches:
Dungeon (1/15)

Altars:

▒.▒▒.▒▒▒▒▒▒▒.▒▒▒▒▒
▒.▒▒.▒ ▒...... ▒.▒▒.▒
▒▒▒▒▒▒▒ ▒.▒▒.▒ ▒.▒▒.▒
▒▒▒▒▒▒ ▒.▒▒▒▒▒.▒▒.▒ ▒
...... ▒..........▒
▒.▒▒▒▒▒▒▒▒▒
▒▒▒▒▒▒▒.▒▒▒▒.▒..........
▒R............▒▒▒▒
......K.................
....▒▒▒▒▒▒▒▒........▒▒▒.
.. ........▒ ▒.
...(....▒ ▒. ........▒
▒. ........▒ ▒.
........▒ ▒▒
▒▒▒▒▒▒.▒▒▒▒▒


You could see a kobold.


Message History

The kobold shouts!
A kobold is nearby!
The kobold hits you but does no damage.
You miss the kobold. The kobold hits you but does no damage.
The kobold hits you with a +1 dagger of speed.
You hit the kobold but do no damage. The kobold closely misses you.
You hit the kobold.
The kobold is heavily wounded.
The kobold hits you with a +1 dagger of speed.
The kobold hits you with a +1 dagger of speed.
You miss the kobold.
The kobold is heavily wounded.
The kobold hits you with a +1 dagger of speed.
* * * LOW HITPOINT WARNING * * *
You barely miss the kobold.
The kobold is heavily wounded.
The kobold hits you with a +1 dagger of speed.
* * * LOW HITPOINT WARNING * * *
The kobold hits you with a +1 dagger of speed.
* * * LOW HITPOINT WARNING * * *
You barely miss the kobold.
The kobold is heavily wounded.
The kobold barely misses you.
You closely miss the kobold.
The kobold is heavily wounded.
The kobold misses you.
The kobold hits you with a +1 dagger of speed.
You die...

Action                   || total
-------------------------++-------
Melee: Dagger            ||    37
       Unarmed           ||     2
 Cast: Summon Small Mamm ||     2
 Stab: Sleeping          ||     2
Armor: Robe              ||     5
Dodge: Dodged            ||    23

Levels and vault maps discovered:
D:1:      co_arrival_random_square_maze, layout_basic

Notes
Turn   | Place    | Note
-------+----------+-------------------------------------------
     0 | D:1      | sanka the Djinni Summoner began the quest for the Orb.
     0 | D:1      | Reached XP level 1. HP: 15/15 MP: 0/0
   802 | D:1      | Reached XP level 2. HP: 11/22 MP: 0/0
  1213 | D:1      | HP: 2/22 [kobold/+1 dagger of speed (5)]
  1215 | D:1      | Slain by a kobold

Vanquished Creatures
  2 ball pythons (D:1)
  An endoplasm (D:1)
  2 hobgoblins (D:1)
  A kobold (D:1)
  A frilled lizard (D:1)
7 creatures vanquished.

Vanquished Creatures (collateral kills)
  A goblin (D:1)
1 creature vanquished.

Grand Total: 8 creatures vanquished
